 Dungeon Crawl Stone Soup version 0.31-a0-692-gf03d1854d5 (webtiles) character file.

Game seed: 6772220308860273975

275 Essalna the Conjurer (level 6, 0/41 HPs)
             Began as a Demonspawn Conjurer on Sept 7, 2023.
             Slain by an orc wizard
             ... wielding a +0 club
              (1 damage)
             ... on level 4 of the Dungeon.
             The game lasted 00:05:47 (2840 turns).

Essalna the Conjurer (Demonspawn Conjurer)          Turns: 2840, Time: 00:05:47

Health: 0/41       AC: 14    Str:  7    XL:     6   Next: 3%
Magic:  12/12      EV: 12    Int: 21    God:
Gold:   70         SH:  0    Dex: 12    Spells: 10/13 levels left

rFire   . . .        o - +2 dagger (flame)
rCold   . . .        (no shield)
rNeg    . . .        a - +0 robe
rPois   .            (no helmet)
rElec   .            n - +2 cloak
rCorr   .            (no gloves)
SInv    .            (no boots)
Will    .....        (no amulet)
Stlth   +            (no ring)
HPRegen 0.26/turn    (no ring)
MPRegen 0.13/turn

%: no passive effects
@: confused, sanguine armoured
A: powered by pain 1, sanguine armour 2
a: no special abilities


You were on level 4 of the Dungeon.
You visited 1 branch of the dungeon, and saw 4 of its levels.

You collected 70 gold pieces.

Inventory:

Hand Weapons
 f - a +0 dagger
 o - a +2 dagger of flaming (weapon)
Armour
 a - a +0 robe (worn)
 n - a +2 cloak (worn)
Scrolls
 c - 3 scrolls of blinking {unknown}
 e - 2 scrolls of identify {unknown}
 h - a scroll of enchant weapon {unknown}
 i - 2 scrolls of fog {unknown}
 j - a scroll of noise {unknown}
 m - a scroll of vulnerability {unknown}
 p - a scroll of poison {unknown}
Potions
 b - a potion of magic
 d - 2 potions of curing {unknown}
 g - 3 potions of lignification {unknown}
 k - a potion of haste {unknown}
 l - a potion of might {unknown}


   Skills:
 - Level 1.7 Dodging
 - Level 1.7 Stealth
 + Level 4.3 Spellcasting
 + Level 5.9 Conjurations


You had 10 spell levels left.
You knew the following spells:

 Your Spells              Type           Power      Damage    Failure   Level
a - Magic Dart            Conj           100%       1d8       1%          1
b - Searing Ray           Conj           58%        2d6       1%          2

Your spell library contained the following spells:

 Spells                   Type           Power      Damage    Failure   Level
 Dazzling Flash           Conj/Hex       32%        N/A       11%         3
 Slow                     Hex            16%        N/A       12%         1
 Lesser Beckoning         Tloc           8%         N/A       17%         2
 Confusing Touch          Hex            4%         N/A       34%         3
 Gell's Gravitas          Tloc           4%         N/A       34%         3
 Teleport Other           Tloc           4%         N/A       34%         3
 Vampiric Draining        Necr           4%         2d6       34%         3
 Fulminant Prism          Conj/Hex       8%         3d7       34%         4
 Iskenderun's Mystic Bla  Conj/Tloc      16%        2d5       34%         4


Dungeon Overview and Level Annotations

Branches:
Dungeon (4/15)             Temple (0/1) D:4

Altars:
Xom


Innate Abilities, Weirdness & Mutations

You sometimes gain a little power by taking damage.
When seriously injured, your blood forms thick armour. (AC +9)


Message History

The magic dart hits you.
* * * LOW HITPOINT WARNING * * *
The kobold hits you with a +0 short sword.
* * * LOW HITPOINT WARNING * * *
You feel less confused.
An orc wizard appears from thin air!
Reactivating autopickup.
The orc wizard closely misses you. The kobold barely misses you.
The orc wizard mumbles some strange words.
The orc wizard flickers and vanishes!
Deactivating autopickup; reactivate with Ctrl-A.
The orc wizard barely misses you. The kobold misses you.
The orc wizard hits you with a +0 dagger.
* * * LOW HITPOINT WARNING * * *
The orc wizard closely misses you. The kobold hits you but does no damage.
The orc wizard barely misses you.
The orc wizard hits you with a +0 dagger.
* * * LOW HITPOINT WARNING * * *
The kobold hits you but does no damage.
An orc wizard appears from thin air!
Reactivating autopickup.
The orc wizard hits you but does no damage.
The orc wizard gestures at you while chanting.
The puff of flame hits you.
* * * LOW HITPOINT WARNING * * *
The kobold hits you but does no damage. The orc wizard barely misses you.
The orc wizard points at you and mumbles some strange words.
You are confused.
The kobold hits you but does no damage.
The orc wizard hits you but does no damage.
The orc wizard closely misses you. The kobold hits you but does no damage.
The orc wizard mumbles some strange words.
The orc wizard flickers and vanishes!
Deactivating autopickup; reactivate with Ctrl-A.
The orc wizard hits you with a +0 club.
* * * LOW HITPOINT WARNING * * *
The kobold hits you but does no damage. The orc wizard hits you with a +0 club.
You die...

.............##.###..
................#. ..
.............##...#
#......##.#..# #.##
#......#)#888##...
#.......)8...8.. ......
.)8.>....
......##K8S..8..
..)....#@#888#
##....o#{oo.#
#...##.#{o..#.
###............. ####
##.....#....##...
###..###................
#.....##.....)..).....##
#.<.....รท...........##
#)##)..##.##........#


You could see 2 orc wizards, 2 orcs, a ball python and a kobold.

Vanquished Creatures
  A jelly (D:3)
  An iguana (D:4)
  3 orc wizards (D:4)
  Robin (D:3)
  2 adders (D:3)
  6 gnolls
  A worm (D:3)
  A dart slug (D:1)
  9 orcs
  3 bats
  2 endoplasms (D:3)
  13 goblins
  2 hobgoblins (D:3)
  2 jackals (D:4)
  5 ball pythons
  A kobold (D:3)
53 creatures vanquished.

Notes
Turn   | Place    | Note
-------+----------+-------------------------------------------
     0 | D:1      | Essalna the Demonspawn Conjurer began the quest for the
                  | Orb.
     0 | D:1      | Reached XP level 1. HP: 13/13 MP: 3/3
   424 | D:1      | Gained mutation: You sometimes gain a little power by
                  | taking damage. [demonic ancestry]
   424 | D:1      | Reached XP level 2. HP: 19/19 MP: 1/5
   954 | D:3      | Noticed Robin
  1075 | D:3      | Learned a level 2 spell: Searing Ray
  1107 | D:3      | Reached XP level 3. HP: 24/24 MP: 2/7
  1505 | D:3      | Found a shimmering altar of Xom.
  1506 | D:3      | Found a shimmering altar of Xom.
  1509 | D:3      | Found a shimmering altar of Xom.
  1509 | D:3      | Found a shimmering altar of Xom.
  1509 | D:3      | Found a shimmering altar of Xom.
  1517 | D:3      | Gained mutation: When seriously injured, your blood forms
                  | armour. (AC +9) [demonic ancestry]
  1517 | D:3      | Reached XP level 4. HP: 30/30 MP: 2/8
  1568 | D:3      | Found a shimmering altar of Xom.
  1568 | D:3      | Found a shimmering altar of Xom.
  1804 | D:3      | Reached skill level 5 in Conjurations
  2311 | D:4      | Reached XP level 5. HP: 35/35 MP: 3/10
  2554 | D:3      | Killed Robin
  2739 | D:4      | Found a staircase to the Ecumenical Temple.
  2760 | D:4      | Gained mutation: When seriously injured, your blood forms
                  | thick armour. (AC +9) [demonic ancestry]
  2760 | D:4      | Reached XP level 6. HP: 38/41 MP: 0/12
  2836 | D:4      | HP: 2/41 [orc wizard/puff of flame (3)]
  2840 | D:4      | Slain by an orc wizard

Illustrated notes

Levels and vault maps discovered:
D:1:      lightli_arrival_noodles, layout_loops_ring
D:2:      minmay_diamond_boxcup, layout_basic, amethyst_killhole,
          dreamdust_wishing_well
D:3:      layout_basic, nicolae_xom_altar_mimics, mainiacjoe_overflow_boulevard,
          uniq_robin
D:4:      layout_cave_pools, mainiacjoe_overflow_brackets,
          minmay_temple_entry_statues

Skill      XL: |  1  2  3  4  5 |
---------------+----------------+-----
Spellcasting   | 3 4 |  4.3
Conjurations   | 5 |  5.9
Dodging        | |  1.7
Stealth        | |  1.7

Action                     |  1- 3 |  4- 6 || total
---------------------------+-------+-------++-------
  Melee: Dagger            |     7 |    13 ||    20
   Cast: Magic Dart        |    50 |    62 ||   112
         Searing Ray       |     1 |     4 ||     5
 Armour: Robe              |    11 |    95 ||   106
  Dodge: Dodged            |    18 |    44 ||    62

Table legend: (Time is in decaauts)
 A = Elapsed time spent in this place.
 B = Non-inter-level travel time spent in this place.
 C = Inter-level travel time spent in this place.
 D = Time resting spent in this place.
 E = Time spent auto-exploring this place.
 F = Levels seen in this place.
 G = Mean time per level.
                   A        B        C        D        E       F      G
               +--------+--------+--------+--------+--------+-----+--------+
         Total |   2842 |   2681 |    161 |    148 |   2059 |   4 |  710.5 |
       Dungeon |   2842 |   2681 |    161 |    148 |   2059 |   4 |  710.5 |
               +--------+--------+--------+--------+--------+-----+--------+

Top non-repeatable levels by time:
     D:3: 1768 daAuts
     D:1: 722 daAuts
     D:4: 248 daAuts
     D:2: 103 daAuts
